 Dungeon Crawl Stone Soup version 0.27.1-4-g1640c2035a (webtiles) character file.

Game seed: 14189994629903705577

1978 Stomo444 the Dealer of Despair (level 9, -3/66 (75) HPs)
             Began as a Pale Draconian Monk on Nov 10, 2021.
             Was an Elder of Kikubaaqudgha.
             Killed from afar by Josephine (33 damage)
             ... with a ghostly fireball
             ... on level 10 of the Dungeon.
             The game lasted 00:14:51 (9593 turns).

Stomo444 the Dealer of Despair (DrMo)               Turns: 9593, Time: 00:14:51

HP:   -3/66 (75)    AC: 11    Str: 18    XL:     9   Next: 1%
MP:   6/15          EV: 14    Int: 10    God:    Kikubaaqudgha [****..]
Gold: 230           SH:  0    Dex: 19    Spells: 13/17 levels left

rFire    . . .     SeeInvis .   f - +4 whip
rCold    . . .     Faith    .   (no shield)
rNeg     . . .     Spirit   .   (armour unavailable)
rPois    .         Reflect  .   (helmet restricted)
rElec    .         Harm     .   (no cloak)
rCorr    .         Rampage  .   (no gloves)
Will     .....                  (no boots)
Stlth    ++........             (no amulet)
HPRegen  0.21/turn              h - +6 ring of dexterity
MPRegen  0.14/turn              i - +4 ring of protection

@: short of breath, studying Throwing, heavily drained
A: breathe steam, AC +7, unfitting armour, cold-blooded, steam resistance
a: Breathe Steam, Renounce Religion, Receive Corpses


You were on level 10 of the Dungeon.
You worshipped Kikubaaqudgha.
Kikubaaqudgha was greatly pleased with you.
You visited 2 branches of the dungeon, and saw 9 of its levels.
You also visited: Ossuary.

You collected 230 gold pieces.

Inventory:

Hand Weapons
 a - a +1 mace
 f - a +4 whip (weapon)
 t - a +0 dire flail
Jewellery
 g - a ring of see invisible
 h - a +6 ring of dexterity (left hand)
 i - a +4 ring of protection (right hand)
 k - a ring of willpower
 p - a ring of positive energy
 v - a +6 ring of strength
Wands
 m - a wand of paralysis (26)
 s - a wand of digging (7)
 w - a wand of acid (13)
Scrolls
 j - a scroll of enchant weapon
 o - 2 scrolls of enchant armour
 r - 2 scrolls of identify
Potions
 b - 2 potions of attraction
 c - 2 potions of curing
 d - 5 potions of lignification {unknown}
 e - 2 potions of degeneration {unknown}
 l - a potion of brilliance {unknown}
 q - a potion of berserk rage {unknown}
 u - a potion of magic {unknown}


   Skills:
 + Level 5.8 Fighting
 + Level 5.3 Maces & Flails
 + Level 4.7 Dodging
 - Level 1.7 Stealth
 + Level 4.5 Spellcasting
 * Level 7.2 Necromancy


You had 13 spell levels left.
You knew the following spells:

 Your Spells              Type           Power      Damage    Failure   Level
a - Pain                  Necr           64%        1d7       1%          1
b - Vampiric Draining     Necr           8%         2d7       3%          3

Your spell library contained the following spells:

 Spells                   Type           Power      Damage    Failure   Level
 Animate Skeleton         Necr           32%        N/A       1%          1
 Sublimation of Blood     Necr           8%         N/A       1%          2
 Dispel Undead            Necr           16%        3d10      12%         4
 Excruciating Wounds      Necr           8%         N/A       34%         5
 Borgnjor's Vile Clutch   Necr/Erth      4%         N/A       83%         5
 Death Channel            Necr           8%         N/A       88%         6
 Simulacrum               Ice/Necr       4%         N/A       100%        6


Dungeon Overview and Level Annotations

Branches:
Dungeon (7/15)             Temple (1/1) D:4         Ossuary (visited)

Altars:
Ashenzari
Cheibriados
Dithmenos
Elyvilon
Gozag
Kikubaaqudgha
Makhleb
Nemelex Xobeh
Okawaru
Qazlal
Ru
Sif Muna
Trog
Uskayaw
Vehumet
Wu Jian
Xom
Yredelemnul
Zin
The Shining One

Shops:
D:6 *

Annotations:
D:10 Josephine


Innate Abilities, Weirdness & Mutations

You can breathe blasts of scalding, opaque steam.
Your pale cyan-grey scales are hard. (AC +7)
You cannot fit into any form of body armour.
You are cold-blooded and may be slowed by cold attacks.
You are immune to the effects of steam.


Message History

You barely miss Josephine.
Your tail-slap misses Josephine.
Josephine is moderately wounded.
Josephine hits you with a +0 dagger.
The wraith is engulfed in a cloud of scalding steam.
Okay, then.
Okay, then.
Casting: Vampiric Draining (dangerous; 3% risk of failure)
Confirm with . or Enter, or press ? or * to list all spells.
Aiming: Vampiric Draining (dangerous; 3% risk of failure)
Press: ? - help, Shift-Dir - straight line, f/p - Josephine
Aim: Josephine, wielding a +0 dagger and wearing a +0 robe (moderately wounded) Josephine is unaffected.
Josephine gestures at you while chanting.
The ghostly flame explodes!
The ghostly fireball engulfs you!!
You feel drained.
The ghostly fireball engulfs Josephine.
Josephine completely resists.
An ogre zombie comes into view.
You hear a shout!
Casting: Vampiric Draining (dangerous; 3% risk of failure)
Confirm with . or Enter, or press ? or * to list all spells.
Aiming: Vampiric Draining (dangerous; 3% risk of failure)
Press: ? - help, Shift-Dir - straight line, f/p - Josephine
Aim: Josephine, wielding a +0 dagger and wearing a +0 robe (moderately wounded) Josephine is unaffected.
Josephine casts a spell at you.
The ghostly flame explodes!
The ghostly fireball engulfs you!
You feel drained.
The ghostly fireball engulfs Josephine.
Josephine completely resists.
The wraith is lost in a daze.
Casting: Vampiric Draining (dangerous; 3% risk of failure)
Confirm with . or Enter, or press ? or * to list all spells.
Aiming: Vampiric Draining (dangerous; 3% risk of failure)
Press: ? - help, Shift-Dir - straight line, f/p - Josephine
Aim: Josephine, wielding a +0 dagger and wearing a +0 robe (moderately wounded) Josephine is unaffected.
Josephine points at you and mumbles some strange words.
The ghostly flame explodes!
The ghostly fireball engulfs you!!
You feel drained.
Ouch! That really hurt!
You die...
Kikubaaqudgha rasps: "You have failed me!
Welcome... death!"

##########
#........#
#........#
#........#
#........# .
#........# .
....##'#######....
...........@@WW....
.....#########W..[.
.... 8.. ... . .. .


You could see Josephine and 3 wraiths.

Vanquished Creatures
  A vampire (D:5)
  A wraith (D:10)
  An ice beast (D:5)
  A sky beast (D:6)
  A necrophage (D:5)
  An ogre (D:5)
  2 centaurs
  A phantom (D:5)
  A wyvern zombie (D:6)
  A scorpion (D:6)
  A water moccasin skeleton (D:5)
  3 wights (D:6)
  A bullfrog zombie (D:5)
  3 jellies
  An orc priest (D:5)
  2 centaur skeletons (D:7)
  A gnoll shaman (D:5)
  4 bullfrog skeletons
  An iguana (D:5)
  3 orc wizards
  2 killer bee zombies (D:6)
  A hound skeleton (D:5)
  A mummy (Ossuary)
  15 gnolls
  A howler monkey skeleton (D:5)
  7 adders
  A shadow imp (D:5)
  2 white imps (D:6)
  An ufetubus (D:5)
  4 adder skeletons (D:4)
  A worm (D:2)
  A dart slug (D:3)
  14 orcs
  3 spectral bats (Ossuary)
  4 endoplasms
  3 giant cockroaches
  12 gnoll zombies (Ossuary)
  7 goblins
  3 hobgoblins
  5 quokkas
  7 ball pythons
  4 bats
  4 bat simulacra (Ossuary)
  3 frilled lizards
  A goblin skeleton (D:10)
  7 goblin zombies
  A hobgoblin skeleton (D:10)
  6 hobgoblin zombies
  4 kobolds
  A kobold simulacrum (Ossuary)
  3 kobold zombies (Ossuary)
  2 orc skeletons (D:10)
  6 orc zombies
  8 rats
  A rat simulacrum (Ossuary)
  5 spectral goblins (Ossuary)
  2 spectral kobolds (Ossuary)
  5 spectral rats (Ossuary)
189 creatures vanquished.

Vanquished Creatures (collateral kills)
  An endoplasm (D:4)
1 creature vanquished.

Grand Total: 190 creatures vanquished

Notes
Turn   | Place    | Note
-------+----------+-------------------------------------------
     0 | D:1      | Stomo444 the Draconian Monk began the quest for the Orb.
     0 | D:1      | Reached XP level 1. HP: 19/19 MP: 1/1
   172 | D:1      | Reached XP level 2. HP: 25/26 MP: 2/2
   247 | D:1      | Found a faded altar of an unknown god.
  1135 | D:2      | Reached XP level 3. HP: 19/33 MP: 3/3
  1592 | D:2      | Found a broken altar of Ashenzari.
  2153 | D:2      | Reached XP level 4. HP: 37/40 MP: 4/4
  2651 | D:3      | Found a glowing silver altar of Zin.
  3510 | D:4      | Reached XP level 5. HP: 39/47 MP: 5/5
  3734 | D:4      | Identified the +7 war axe "Winot" {flame, Drain Fly rPois
                  | rC+++}
  3993 | D:4      | Found a staircase to the Ecumenical Temple.
  4078 | Temple   | Entered the Ecumenical Temple
  4127 | Temple   | Became a worshipper of Kikubaaqudgha
  4127 | Temple   | Reached * piety under Kikubaaqudgha
  4127 | Temple   | Received a gift from Kikubaaqudgha
  4127 | Temple   | Reached ** piety under Kikubaaqudgha
  4151 | D:4      | Learned a level 1 spell: Pain
  4501 | D:4      | Reached skill level 1 in Necromancy
  5094 | D:5      | Entered Level 5 of the Dungeon
  5197 | D:5      | Reached skill level 1 in Spellcasting
  5197 | D:5      | Reached skill level 2 in Necromancy
  5197 | D:5      | Reached XP level 6. HP: 43/53 MP: 7/7
  5581 | D:5      | Reached skill level 3 in Necromancy
  5655 | D:5      | Found a sand-covered staircase.
  5703 | Ossuary  | Entered an ossuary
  5925 | Ossuary  | Reached *** piety under Kikubaaqudgha
  5925 | Ossuary  | Received a gift from Kikubaaqudgha
  6181 | D:5      | Learned a level 3 spell: Vampiric Draining
  6234 | D:5      | Reached skill level 4 in Necromancy
  6234 | D:5      | Your scales start taking on a pale cyan-grey colour.
  6234 | D:5      | Reached XP level 7. HP: 29/60 MP: 2/10
  6234 | D:5      | Gained mutation: You are immune to the effects of steam.
                  | [Pale Draconian growth]
  6448 | D:5      | Identified the +5 war axe "Ymi Gootza" {drain, rPois}
  6760 | D:5      | Noticed a vampire
  6781 | D:5      | Killed a vampire
  6990 | D:5      | Reached skill level 5 in Necromancy
  7173 | D:5      | Found a radiant altar of Vehumet.
  7716 | D:5      | Reached skill level 6 in Necromancy
  7716 | D:5      | Reached XP level 8. HP: 60/67 MP: 4/13
  8038 | D:6      | Reached skill level 5 in Fighting
  8186 | D:6      | Reached **** piety under Kikubaaqudgha
  8752 | D:6      | Reached skill level 5 in Maces & Flails
  9337 | D:6      | Found Ziem's General Store.
  9382 | D:7      | Found an iron altar of Okawaru.
  9399 | D:7      | Reached skill level 7 in Necromancy
  9553 | D:7      | Found an opulent altar of Gozag.
  9568 | D:7      | You fall into a shaft and drop 3 floors!
  9568 | D:10     | Entered Level 10 of the Dungeon
  9577 | D:10     | Noticed Josephine
  9585 | D:10     | Reached XP level 9. HP: 75/75 MP: 15/15
  9593 | D:10     | Killed from afar by Josephine

Illustrated notes

Levels and vault maps discovered:
D:1:      dpeg_arrival_tiny_a, layout_loops_ring, ebering_ecumenical_altar_box
D:2:      layout_basic, basic_altar
D:3:      layout_loops_cross, mainiacjoe_overflow_surrounded_room,
          grunt_ministairs_6, chequers_hall_statues_wall_a
D:4:      layout_basic, minmay_temple_entry_hall, kennysheep_generic_room_15
D:5:      kennysheep_big_flooded_room, layout_basic, marbit_many_paths,
          lightli_ossuary_entry_decrepit_ruins
D:6:      minmay_inner_zag, layout_basic, serial_shops, nicolae_lakefront_shop,
          abandoned_shop, chequers_serial_rivers_marsh
D:7:      layout_basic, nicolae_gozag_cash_rules_everything_around_me,
          nicolae_overflow_crystal_walls, st_stairs_9
D:10:     layout_irregular_city, mainiacjoe_overflow_small_starburst,
          lair_entry_dummy, zombieorc2_lemuel, grunt_ministairs_10,
          minmay_misc_feat_enclosed, david_defended_altar_orc, uniq_urug,
          uniq_josephine
Temple:   eino_wide_crystal_templ

Skill      XL: |  1  2  3  4  5  6  7  8 |
---------------+-------------------------+-----
Dodging        | 3 4 |  4.7
Fighting       | 4 5 |  5.8
Maces & Flails | 4 5 |  5.3
Necromancy     | 2 4 6 7 |  7.2
Spellcasting   | 1 2 3 4 |  4.5
Stealth        | |  1.7

Action                   |  1- 3 |  4- 6 |  7- 9 || total
-------------------------+-------+-------+-------++-------
Melee: Mace              |   124 |   324 |   115 ||   563
       Tailslap          |    14 |    53 |    52 ||   119
       Whip              |       |       |   115 ||   115
       Dire flail        |       |       |    16 ||    16
 Cast: Pain              |       |     1 |     3 ||     4
       Vampiric Draining |       |     2 |    20 ||    22
 Abil: Breathe Steam     |       |       |     4 ||     4
  Use: Scroll            |     5 |     2 |     8 ||    15
 Stab: Sleeping          |     8 |     8 |     2 ||    18
       Distracted        |       |     1 |       ||     1
Armor: Skin              |    37 |   138 |   115 ||   290
Dodge: Dodged            |    94 |   239 |   206 ||   539
